 Dungeon Crawl Stone Soup version 0.23.0 (webtiles) character file.

Game seed: 6448138484759451491

392 Morbidden the Slasher (level 6, -5/47 HPs)
             Began as a Demonspawn Fighter on Feb 10, 2019.
             Slain by an ogre
             ... wielding a +0 giant club
              (21 damage)
             ... on level 4 of the Dungeon.
             The game lasted 00:04:59 (2941 turns).

Morbidden the Slasher (Demonspawn Fighter)          Turns: 2941, Time: 00:04:59

Health: -5/47      AC: 12    Str: 18      XL:     6   Next: 50%
Magic:  6/6        EV:  5    Int:  6 (9)  God:
Gold:   186        SH:  9    Dex: 11 (13) Spells: 5/5 levels left

rFire    . . .     SeeInvis .   a - +0 long sword
rCold    + . .     Gourm    .   c - +0 shield
rNeg     . . .     Faith    .   p - +0 plate armour
rPois    .         Spirit   .   (helmet restricted)
rElec    .         Reflect  .   (no cloak)
rCorr    .         Harm     .   (no gloves)
MR       .....                  r - +0 pair of boots
Stlth    ..........             l - amulet of regeneration
HPRegen  0.55/turn              k - ring of wizardry
MPRegen  0.10/turn              (no ring)

@: no status effects
A: antennae 1, repulsion field 1, cold resistance 1, freezing cloud immunity
a: no special abilities


You were on level 4 of the Dungeon.
You were not hungry.

You visited 1 branch of the dungeon, and saw 4 of its levels.

You collected 186 gold pieces.

Inventory:

Hand Weapons
 a - a +0 long sword (weapon)
Armour
 c - a +0 shield (worn)
 o - a +0 helmet
 p - a +0 plate armour (worn)
 r - a +0 pair of boots (worn)
Jewellery
 k - a ring of wizardry (left hand)
 l - an amulet of regeneration (around neck)
 q - an uncursed ring of see invisible {unknown}
Scrolls
 b - a scroll of teleportation {unknown}
 h - a scroll of noise {unknown}
 i - a scroll of amnesia {unknown}
 j - 2 scrolls of enchant weapon {unknown}
 m - a scroll of fog {unknown}
 n - 2 scrolls of remove curse {unknown}
 s - 2 scrolls of identify {unknown}
 t - a scroll of fear {unknown}
Potions
 d - a potion of resistance {unknown}
 e - 2 potions of heal wounds {unknown}
 g - a potion of haste
 u - a potion of curing {unknown}
Comestibles
 f - 12 rations
 v - 2 chunks of flesh


   Skills:
 + Level 3.5 Fighting
 * Level 4.7 Long Blades
 + Level 3.5 Armour
 * Level 1.7 Dodging
 + Level 3.4 Shields


You had 5 spell levels left.
You didn't know any spells.
Your spell library contained the following spells:

 Spells                   Type           Power        Failure   Level  Hunger
 Animate Skeleton         Necr           N/A          100%        1    ##.....
 Apportation              Tloc           #.....       100%        1    ##.....
 Confusing Touch          Hex            #.....       100%        1    ##.....
 Summon Small Mammal      Summ           #...         100%        1    ##.....


Dungeon Overview and Level Annotations

Branches:
Dungeon (4/15)
 Temple: D:4-7

Altars:
Dithmenos


Innate Abilities, Weirdness & Mutations

You have a pair of small antennae on your head.
You are surrounded by a mild repulsion field. (EV +2)
Your flesh is cold resistant. (rC+)
You are immune to freezing clouds.


Message History

The ogre barely misses you.
Unknown command.
Unknown command.
You slash the ogre!
The ogre is moderately wounded.
The ogre hits you with a +0 giant club!
* * * LOW HITPOINT WARNING * * *
You hit the ogre.
The ogre is moderately wounded.
You block the ogre's attack.
You hit the ogre.
The ogre is heavily wounded.
You block the ogre's attack.
You hit the ogre.
The ogre is severely wounded.
The ogre barely misses you.
Your shield and plate armour prevent you from hitting the ogre.
The ogre is severely wounded.
The ogre hits you with a +0 giant club!!
You die...

.## #........
#..# #........
#..###........
#...........#
#..........#
##..........#
#..........##
###
#.†..@O(....#
..###
##.####.......
....### #..#
#####.#
......### #)##
........###.#
.........#..#
.........#.##
.........#.#
........#.##


You could see an ogre.

Vanquished Creatures
  A centaur (D:3)
  A hound (D:4)
  3 orc wizards (D:3)
  2 orc priests (D:3)
  An iguana (D:3)
  A worker ant (D:4)
  An adder (D:3)
  An ooze (D:4)
  2 worms
  3 dart slugs
  A leopard gecko (D:1)
  7 orcs
  3 ball pythons
  3 giant cockroaches
  2 goblins
  5 hobgoblins
  5 kobolds
  2 quokkas (D:4)
  7 bats
  4 frilled lizards
  7 rats
62 creatures vanquished.

Notes
Turn   | Place    | Note
-------+----------+-------------------------------------------
     0 | D:1      | Morbidden the Demonspawn Fighter began the quest for the
                  | Orb.
     0 | D:1      | Reached XP level 1. HP: 18/18 MP: 1/1
   251 | D:1      | Gained mutation: You are surrounded by a mild repulsion
                  | field. (EV +2) [demonic ancestry]
   251 | D:1      | Reached XP level 2. HP: 24/24 MP: 2/2
   430 | D:1      | Reached skill level 2 in Long Blades
  1032 | D:2      | Reached XP level 3. HP: 28/29 MP: 3/3
  1502 | D:3      | Gained mutation: Your flesh is cold resistant. (rC+)
                  | [demonic ancestry]
  1502 | D:3      | Reached XP level 4. HP: 35/35 MP: 4/4
  1533 | D:3      | Reached skill level 3 in Long Blades
  1567 | D:3      | Noticed a centaur
  1596 | D:3      | Killed a centaur
  1596 | D:3      | Reached skill level 4 in Long Blades
  1596 | D:3      | Reached skill level 1 in Dodging
  1596 | D:3      | Gained mutation: You are immune to freezing clouds.
                  | [demonic ancestry]
  1596 | D:3      | Reached XP level 5. HP: 35/41 MP: 5/5
  1897 | D:3      | Found a shadowy altar of Dithmenos.
  1922 | D:3      | Gained mutation: You have a pair of small antennae on your
                  | head. [demonic ancestry]
  1922 | D:3      | Reached XP level 6. HP: 7/47 MP: 6/6
  2941 | D:4      | Slain by an ogre

Skill      XL: |  1  2  3  4 |
---------------+-------------+-----
Long Blades    | 2 4 |  4.7
Armour         | 3 |  3.5
Shields        | 3 |  3.4
Dodging        | 1 |  1.7
Fighting       | |  3.5

Action                   |  1- 3 |  4- 6 || total
-------------------------+-------+-------++-------
Melee: Long sword        |    94 |   148 ||   242
  Use: Potion            |       |     5 ||     5
  Eat: Chunk             |     1 |     6 ||     7
Armor: Scale mail        |    26 |       ||    26
       Plate armour      |     8 |    83 ||    91
Dodge: Dodged            |    28 |    29 ||    57
Block: Shield            |    42 |    85 ||   127
       Rpst.: Long sword |    13 |    13 ||    26
